 Dungeon Crawl Stone Soup version 0.30.0-7-g0c4daa9e05 (webtiles) character file.

Game seed: 13232440668246985649

455 Atelerd the Sneak (level 7, -3/43 HPs)
             Began as an Octopode Earth Elementalist on May 13, 2023.
             Slain by Pikel
             ... wielding a +0 whip of freezing
              (11 damage)
             ... on level 5 of the Dungeon.
             The game lasted 00:03:56 (4847 turns).

Atelerd the Sneak (Octopode Earth Elementalist)     Turns: 4847, Time: 00:03:56

Health: -3/43      AC:  2    Str:  6    XL:     7   Next: 5%
Magic:  11/11      EV: 18    Int: 19    God:
Gold:   261        SH:  0    Dex: 12    Spells: 7/12 levels left

rFire   . . .        g - +0 dagger (venom)
rCold   + . .        (no shield)
rNeg    . . .        (helmet restricted)
rPois   .            (no amulet)
rElec   .            h - ring of protection from cold
rCorr   .            p - +5 ring of evasion
SInv    .            (no ring)
Will    .....        (no ring)
Stlth   ++           (no ring)
HPRegen 0.27/turn    (no ring)
MPRegen 0.12/turn    (no ring)
                     (no ring)

%: no passive effects
@: confused, mighty, ambrosia-drunk, very slightly contaminated, hasted, very
quick
A: almost no armour, amphibious, 8 rings, camouflage 1, gelatinous body 1,
(nimble swimmer 1), tentacles, shaggy fur 1, weak 1
a: no special abilities


You were on level 5 of the Dungeon.
You visited 1 branch of the dungeon, and saw 5 of its levels.

You collected 261 gold pieces.

Inventory:

Hand Weapons
 g - a +0 dagger of venom (weapon)
Jewellery
 d - a ring of ice
 h - a ring of protection from cold (left tentacle)
 p - a +5 ring of evasion (right tentacle)
Scrolls
 b - a scroll of blinking {unknown}
 c - a scroll of torment {unknown}
 e - 3 scrolls of vulnerability {unknown}
 l - 4 scrolls of identify {unknown}
 o - 3 scrolls of teleportation {unknown}
 q - a scroll of enchant weapon {unknown}
 s - 2 scrolls of acquirement {unknown}
 v - a scroll of fear {unknown}
 w - a scroll of enchant armour {unknown}
Potions
 a - 2 potions of magic
 i - a potion of attraction {unknown}
 k - 4 potions of mutation
 m - 2 potions of haste
 t - a potion of flight {unknown}
 u - a potion of brilliance {unknown}


   Skills:
 - Level 1.0 Fighting
 - Level 1.0 Short Blades
 + Level 3.3 Dodging
 + Level 4.9 Stealth
 + Level 3.2 Spellcasting
 - Level 3.0 Transmutations
 * Level 4.6 Earth Magic


You had 7 spell levels left.
You knew the following spells:

 Your Spells              Type           Power      Damage    Failure   Level
a - Sandblast             Erth           40%        2d10      2%          1
p - Petrify               Tmut/Erth      17%        N/A       30%         4

Your spell library contained the following spells:

 Spells                   Type           Power      Damage    Failure   Level
 Passwall                 Tmut/Erth      14%        N/A       4%          2
 Summon Small Mammal      Summ           12%        N/A       16%         1
 Stone Arrow              Conj/Erth      22%        3d8       17%         3
 Call Canine Familiar     Summ           3%         N/A       41%         3
 Summon Guardian Golem    Hex/Summ       3%         N/A       41%         3
 Vhi's Electric Charge    Tloc/Air       6%         N/A       41%         3
 Arcjolt                  Conj/Air       1%         1d11      99%         5
 Plasma Beam              Fire/Air       1%         2x1d12    100%        6


Dungeon Overview and Level Annotations

Branches:
Dungeon (5/15)
 Temple: D:4-7

Altars:

Shops:
D:3 [   D:4 (

Annotations:
D:4 1 runed translucent door, exclusion: downstairs, Crazy Yiuf
D:5 Pikel, Sigmund


Innate Abilities, Weirdness & Mutations

You cannot wear most types of armour.
You are amphibious.
You can wear up to eight rings at the same time.
Your skin changes colour to match your surroundings (Stealth+).
Your rubbery body absorbs attacks. (AC +1, EV +1)
((You are camouflaged when in or above water. (Stealth+)))
You have tentacles for arms and can constrict up to eight enemies at once.
You are covered in fur. (AC +1)
You are weak. (Str -2)


Message History

Unknown command.
You hit Pikel but do no damage.
Pikel is moderately wounded.
You constrict Pikel, but do no damage. Pikel closely misses you.
The scorpion closely misses you.
Unknown command.
You hit the scorpion but do no damage.
The scorpion is poisoned.
Your grab misses the scorpion. Your squeeze misses the scorpion.
You constrict Pikel. Pikel waves his whip at you.
Pikel hits you with a +0 whip of freezing!
The scorpion misses you.
Unknown command.
You hit Pikel.
Pikel looks even sicker.
You squeeze Pikel, but do no damage.
Pikel is moderately wounded.
You constrict Pikel, but do no damage. The scorpion misses you.
Pikel hits you with a +0 whip of freezing!
* * * LOW HITPOINT WARNING * * *
Pikel freezes you.
* * * LOW HITPOINT WARNING * * *
You feel better.
You constrict Pikel, but do no damage. The scorpion misses you.
It was a potion of ambrosia.
You are confused.
You feel invigorated.
You constrict Pikel.
Pikel hits you with a +0 whip of freezing!
Pikel freezes you.
* * * LOW HITPOINT WARNING * * *
You bump into the rock wall.
You constrict Pikel. The scorpion misses you.
Pikel hits you with a +0 whip of freezing!
* * * LOW HITPOINT WARNING * * *
Pikel freezes you.
* * * LOW HITPOINT WARNING * * *
Unknown command.
You bump into the rock wall.
You constrict Pikel. The scorpion completely misses you.
Unknown command.
You bump into the rock wall.
You constrict Pikel, but do no damage.
Pikel hits you with a +0 whip of freezing!
You die...

#.# #..###
... .#
##5# ##..
#...
#..######.
#.. #....#
#. ####.#
#)# #5#
#K# #@#
#s# #.#
#.# #..
##. . .#


You could see Pikel (very poisoned), a lemure and a scorpion (poisoned).

Vanquished Creatures
  An ogre (D:5)
  A centaur (D:5)
  2 howler monkeys
  A hound (D:5)
  2 orc wizards
  3 gnolls (D:2)
  2 adders
  An ufetubus (D:5)
  A worm (D:2)
  A dart slug (D:2)
  8 orcs
  4 bats
  7 endoplasms
  4 giant cockroaches
  4 goblins
  6 hobgoblins
  2 jackals
  2 quokkas (D:3)
  9 ball pythons
  A frilled lizard (D:1)
  3 kobolds
  4 rats
69 creatures vanquished.

Notes
Turn   | Place    | Note
-------+----------+-------------------------------------------
     0 | D:1      | Atelerd the Octopode Earth Elementalist began the quest for
                  | the Orb.
     0 | D:1      | Reached XP level 1. HP: 11/11 MP: 3/3
   182 | D:1      | Reached XP level 2. HP: 17/17 MP: 3/5
   512 | D:1      | Found a faded altar of an unknown god.
  1230 | D:2      | Reached XP level 3. HP: 21/21 MP: 6/6
  1814 | D:2      | Reached XP level 4. HP: 25/27 MP: 7/7
  2346 | D:3      | Reached XP level 5. HP: 23/32 MP: 4/9
  2605 | D:4      | Found Leizyby's Antique Weapon Emporium.
  2659 | D:4      | Reached skill level 1 in Short Blades
  2667 | D:4      | Reached skill level 1 in Fighting
  3195 | D:4      | Found a runed translucent door.
  3196 | D:4      | Noticed Crazy Yiuf
  3285 | D:4      | Learned a level 4 spell: Petrify
  3693 | D:3      | Found Qaveshru's Armour Shop.
  4378 | D:5      | Entered Level 5 of the Dungeon
  4378 | D:5      | Noticed an ogre
  4378 | D:5      | Noticed a black bear
  4380 | D:5      | Killed an ogre
  4381 | D:5      | Reached XP level 6. HP: 38/38 MP: 7/10
  4382 | D:5      | Noticed Sigmund
  4807 | D:5      | Noticed Pikel
  4825 | D:5      | Gained mutation: You are weak. (Str -2) [potion of
                  | mutation]
  4825 | D:5      | Gained mutation: You are covered in fur. (AC +1) [potion of
                  | mutation]
  4833 | D:5      | Reached XP level 7. HP: 18/43 MP: 3/11
  4845 | D:5      | HP: 2/43 [Pikel/+0 whip of freezing (1)]
  4847 | D:5      | Slain by Pikel

Illustrated notes

Levels and vault maps discovered:
D:1:      dpeg_arrival_rhombus, layout_basic, hellmonk_ecumenical_altar_blasted
D:2:      layout_loops_ring
D:3:      layout_basic, serial_shops, nicolae_shop_rolling_square
D:4:      layout_loops_corners, serial_shops, shop, uniq_crazy_yiuf_cottage
D:5:      layout_rooms, uniq_pikel, uniq_sigmund

Skill      XL: |  1  2  3  4  5  6 |
---------------+-------------------+-----
Stealth        | 3 4 |  4.9
Short Blades   | 1 |  1.0
Fighting       | 1 |  1.0
Transmutations | 2 3 |  3.0
Earth Magic    | 4 |  4.6
Dodging        | 3 |  3.3
Spellcasting   | 3 |  3.2

Action                     |  1- 3 |  4- 6 |  7- 9 || total
---------------------------+-------+-------+-------++-------
  Melee: Unarmed           |     3 |       |       ||     3
         Dagger            |    31 |    42 |     8 ||    81
         Constrict         |     7 |    12 |     1 ||    20
         Tentacles         |     5 |    11 |     1 ||    17
   Cast: Sandblast         |    23 |    37 |       ||    60
         Petrify           |       |     2 |       ||     2
    Use: Potion            |       |     4 |     4 ||     8
   Stab: Sleeping          |    12 |     3 |       ||    15
 Armour: Skin              |     2 |     4 |     1 ||     7
  Dodge: Dodged            |    24 |    63 |    12 ||    99
